 Dungeon Crawl Stone Soup version 0.31-a0-889-g1a8549509d (webtiles) character file.

Game seed: 4562617499628403329

166 Kuronicle the Insei (level 5, -1/40 HPs)
             Began as a Demigod Shapeshifter on Oct 16, 2023.
             Slain by a black bear (2 damage)
             ... on level 4 of the Dungeon.
             The game lasted 00:08:21 (3190 turns).

Kuronicle the Insei (Demigod Shapeshifter)          Turns: 3190, Time: 00:08:21

Health: -1/40      AC:  7    Str: 15    XL:     5   Next: 2%
Magic:  7/7        EV: 10    Int: 12    God:
Gold:   149        SH:  0    Dex: 17    Spells: 3/4 levels left

rFire   . .          .
                       - Unarmed
rCold   + . .        (no shield)
rNeg    . . .        f - +1 scale mail
rPois   .            (helmet currently unavailable)
rElec   .            (cloak currently unavailable)
rCorr   .            (gloves currently unavailable)
SInv    .            (boots currently unavailable)
Will    .....        (no amulet)
Stlth   +            n - ring of protection from cold
HPRegen 0.26/turn    (no ring)
MPRegen 0.10/turn

%: no passive effects
@: beast-form
A: beast (slay +2), high MP 1, forlorn, divine attributes
a: Begin Untransformation


You were on level 4 of the Dungeon.
You were a hulking beast.
You visited 1 branch of the dungeon, and saw 4 of its levels.

You collected 149 gold pieces.

Inventory:

Hand Weapons
 g - a +0 battleaxe
Armour
 a - a +0 animal skin
 e - a +0 pair of gloves
 f - a +1 scale mail (worn)
 q - a +0 ring mail
 s - a +0 ring mail of cold resistance
Jewellery
 n - a ring of protection from cold (left hand)
Talismans
 c - a beast talisman (active)
 d - a flux talisman
 m - a serpent talisman
Wands
 h - a wand of flame (23)
Scrolls
 i - a scroll of blinking
 j - a scroll of vulnerability {unknown}
 k - a scroll of revelation {unknown}
 l - a scroll of identify {unknown}
 p - a scroll of teleportation
 r - a scroll of amnesia {unknown}
Potions
 b - a potion of lignification
 o - 3 potions of heal wounds {unknown}


   Skills:
 * Level 1.2 Fighting
 * Level 1.8 Armour
 + Level 2.2 Dodging
 * Level 1.1 Stealth
 + Level 3.5 Unarmed Combat
 * Level 3.5 Shapeshifting


You had 3 spell levels left.
You knew the following spells:

 Your Spells              Type           Power      Damage    Failure   Level
a - Summon Small Mammal   Summ           0%         N/A       78%         1

Your spell library contained the following spells:

 Spells                   Type           Power      Damage    Failure   Level
 Apportation              Tloc           0%         N/A       78%         1
 Magic Dart               Conj           0%         1d3       78%         1
 Necrotise                Necr           0%         1d4       78%         1
 Cigotuvi's Dreadful Rot  Necr/Pois/Air  0%         N/A       89%         2
 Searing Ray              Conj           0%         2d4       89%         2
 Inner Flame              Hex/Fire       0%         N/A       98%         3
 Dispel Undead            Necr           0%         3d6       100%        4
 Flame Wave               Conj/Fire      0%         2d4       100%        4
 Fulminant Prism          Conj/Hex       0%         3d5       100%        4
 Sticky Flame             Conj/Fire      0%         2d3       100%        4
 Death Channel            Necr           0%         N/A       100%        6


Dungeon Overview and Level Annotations

Branches:
Dungeon (4/15)
 Temple: D:4-7


Innate Abilities, Weirdness & Mutations

You are a hulking beast.
Your limbs bulge with bestial killing power. (Slay +2)
You have an increased reservoir of magic. (+10% MP)
You shall have no god before yourself.
Your divine heritage dramatically boosts your attributes as you level up.


Message History

The black bear claws you but does no damage.
The black bear closely misses you.
You barely miss the black bear.
The black bear is heavily wounded.
A kobold comes into view. It is wielding a +1 dagger of speed.
The black bear bites you. The black bear claws you. x2
The kobold shouts!
You hit the black bear.
The black bear is heavily wounded.
You hear a shout!
The black bear closely misses you. The black bear misses you.
The black bear claws you but does no damage.
An orc comes into view. It is wielding a +0 club.
You hit the black bear.
The black bear is severely wounded.
The black bear bites you.
The black bear claws you but does no damage. x2
You hit the black bear.
The black bear is severely wounded.
The black bear goes berserk!
You hit the black bear.
The black bear is almost dead.
The black bear barely misses you. The black bear closely misses you.
The black bear barely misses you. The black bear bites you.
The black bear claws you.
The black bear claws you but does no damage.
You hit the black bear but do no damage.
The black bear is almost dead.
The kobold closely misses you. The black bear bites you.
* * * LOW HITPOINT WARNING * * *
The black bear claws you.
* * * LOW HITPOINT WARNING * * *
The black bear claws you but does no damage.
The kobold hits you but does no damage.
You barely miss the black bear.
The black bear is almost dead.
The black bear closely misses you. The black bear claws you.
* * * LOW HITPOINT WARNING * * *
The black bear claws you.
You die...

#.# ... ###
#.###.##
#.##...##
####.#.....###.#
#.......<.......
#.##.#..o..##...
#.##.##.Kh##
#.##.##.h##
#.##.##..#
#.##.....#
#.#####.##
#.......#
#########


You could see a black bear (berserk), an orc and a kobold.

Vanquished Creatures
  Natasha (thrice) (D:2)
  5 adders
  A worm (D:3)
  5 dart slugs
  6 ball pythons
  3 endoplasms
  3 giant cockroaches
  2 goblins
  A hobgoblin (D:1)
  3 jackals (D:1)
  A kobold (D:2)
  2 bats
  3 frilled lizards
38 creatures vanquished.

Notes
Turn   | Place    | Note
-------+----------+-------------------------------------------
     0 | D:1      | Kuronicle the Demigod Shapeshifter began the quest for the
                  | Orb.
     0 | D:1      | Reached XP level 1. HP: 15/15 MP: 3/3
    63 | D:1      | Reached skill level 1 in Fighting
   113 | D:1      | Reached XP level 2. HP: 23/23 MP: 4/4
   285 | D:1      | You fall into a shaft and drop 1 floor!
  1047 | D:2      | Learned a level 1 spell: Summon Small Mammal
  1222 | D:2      | Reached XP level 3. HP: 28/28 MP: 5/5
  1351 | D:2      | Noticed Natasha
  1360 | D:2      | Killed Natasha
  1361 | D:2      | Reached XP level 4. HP: 29/35 MP: 6/6
  1456 | D:2      | Noticed Natasha
  1466 | D:2      | Killed Natasha
  1467 | D:2      | Reached skill level 1 in Armour
  1608 | D:2      | Noticed Natasha
  1613 | D:2      | Reached skill level 1 in Stealth
  1621 | D:2      | Killed Natasha
  2450 | D:3      | Reached XP level 5. HP: 40/40 MP: 7/7
  3178 | D:4      | Noticed a black bear
  3190 | D:4      | HP: 1/40 [black bear (6)]
  3190 | D:4      | Slain by a black bear

Illustrated notes

Levels and vault maps discovered:
D:1:      spicycebolla_arrival_xxxplode, layout_loops_ring, fountainhead,
          chequers_serial_rivers_marsh
D:2:      layout_basic, shapermc_ecumenical_altar_totnotflames,
          kennysheep_another_room, minmay_misc_feat_nine_boxes, uniq_natasha
D:3:      layout_basic
D:4:      layout_loops_corners, minmay_overflow_temple_star_hex, uniq_robin

Skill      XL: |  1  2  3  4 |
---------------+-------------+-----
Fighting       | 1 |  1.2
Shapeshifting  | 3 |  3.5
Unarmed Combat | 3 |  3.5
Dodging        | 2 |  2.2
Armour         | 1 |  1.8
Stealth        | 1 |  1.1

Action                     |  1- 3 |  4- 6 || total
---------------------------+-------+-------++-------
  Melee: Unarmed           |    93 |    58 ||   151
         Battleaxe         |       |    13 ||    13
         Punch             |       |     2 ||     2
   Cast: Summon Small Mamm |     3 |       ||     3
    Use: Scroll            |     3 |       ||     3
 Armour: Animal skin       |    16 |       ||    16
         Scale mail        |    32 |    62 ||    94
  Dodge: Dodged            |    51 |    41 ||    92

Table legend: (Time is in decaauts)
 A = Elapsed time spent in this place.
 B = Non-inter-level travel time spent in this place.
 C = Inter-level travel time spent in this place.
 D = Time resting spent in this place.
 E = Time spent auto-exploring this place.
 F = Levels seen in this place.
 G = Mean time per level.
                   A        B        C        D        E       F      G
               +--------+--------+--------+--------+--------+-----+--------+
         Total |   3197 |   2660 |    537 |     69 |   2180 |   4 |  799.2 |
       Dungeon |   3197 |   2660 |    537 |     69 |   2180 |   4 |  799.2 |
               +--------+--------+--------+--------+--------+-----+--------+

Top non-repeatable levels by time:
     D:3: 1096 daAuts
     D:2: 1066 daAuts
     D:1: 1000 daAuts
     D:4: 33 daAuts
